 Dungeon Crawl Stone Soup version 0.31-a0-167-g1c394c0614 (webtiles) character file.

Game seed: 4607298680263704538

512 Moral the Caller (level 7, 0/82 HPs)
             Began as a Merfolk Summoner on June 15, 2023.
             Succumbed to an adder's poison
             ... on level 5 of the Dungeon.
             The game lasted 00:21:21 (4301 turns).

Moral the Caller (Merfolk Summoner)                 Turns: 4301, Time: 00:21:21

Health: 0/82       AC:  2    Str:  8    XL:     7   Next: 19%
Magic:  11/11      EV: 16    Int: 17    God:
Gold:   278        SH:  0    Dex: 14    Spells: 9/12 levels left

rFire   . . .        d - +4 triple sword (vamp)
rCold   . . .        (shield currently unavailable)
rNeg    + . .        a - +0 robe
rPois   .            (no helmet)
rElec   .            (no cloak)
rCorr   .            (no gloves)
SInv    .            (boots currently unavailable)
Will    +....        h - amulet "Lacu" {RegenMP rN+ Will+} Stlth
                     (no ring)
HPRegen 0.33/turn    (no ring)
MPRegen 0.52/turn

%: no passive effects
@: berserking, lethally poisoned (0 -> -2), very quick
A: nimble swimmer 2, mertail
a: no special abilities


You were on level 5 of the Dungeon.
You visited 1 branch of the dungeon, and saw 5 of its levels.

You collected 278 gold pieces.

Inventory:

Hand Weapons
 d - a +4 vampiric triple sword (weapon)
 g - the +0 eveningstar "Zakh" {venom, rF+ Dex+2 Stlth+}
   (You acquired it on level 3 of the Dungeon)

   Dex:       It affects your dexterity (+2).
   rF:        It protects you from fire.
   Stlth:     It makes you more stealthy.
Missiles
 e - 11 poisoned darts
Armour
 a - a +0 robe (worn)
Magical Staves
 c - a staff of conjuration
Jewellery
 h - the amulet "Lacu" (around neck) {RegenMP rN+ Will+}
   (You acquired it on level 4 of the Dungeon)

   [amulet of magic regeneration]

   It increases your rate of magic regeneration.
   rN:        It protects you from negative energy.
   Will:      It increases your willpower.
Wands
 v - a wand of charming (9)
 x - a wand of polymorph (10)
Scrolls
 i - a scroll of enchant weapon {unknown}
 l - 2 scrolls of noise {unknown}
 n - a scroll of torment {unknown}
 o - 2 scrolls of revelation {unknown}
 r - a scroll of immolation {unknown}
 t - 2 scrolls of identify
 y - a scroll of blinking {unknown}
 z - a scroll of enchant armour {unknown}
Potions
 b - a potion of magic
 k - a potion of attraction
 m - a potion of resistance {unknown}
 p - a potion of enlightenment {unknown}
 q - a potion of heal wounds {unknown}
 s - a potion of ambrosia {unknown}
 u - 3 potions of haste {unknown}
 w - a potion of lignification {unknown}


   Skills:
 * Level 4.6 Fighting
 * Level 4.1 Long Blades
 - Level 1.3 Polearms
 - Level 4.2 Dodging
 - Level 2.1 Stealth
 - Level 3.0 Spellcasting
 - Level 4.6 Summonings


You had 9 spell levels left.
You knew the following spells:

 Your Spells              Type           Power      Damage    Failure   Level
a - Summon Small Mammal   Summ           72%        N/A       2%          1
b - Call Imp              Summ           36%        N/A       3%          2

Your spell library contained the following spells:

 Spells                   Type           Power      Damage    Failure   Level
 Call Canine Familiar     Summ           18%        N/A       8%          3
 Kiss of Death            Conj/Necr      8%         2d6       17%         1
 Sandblast                Erth           4%         2d4       17%         1
 Summon Guardian Golem    Hex/Summ       10%        N/A       21%         3
 Passwall                 Tmut/Erth      1%         N/A       26%         2
 Confusing Touch          Hex            2%         N/A       45%         3
 Stone Arrow              Conj/Erth      4%         3d7       45%         3
 Summon Lightning Spire   Summ/Air       10%        N/A       54%         4
 Dispel Undead            Necr           2%         3d7       86%         4
 Orb of Destruction       Conj           1%         9d5       100%        7
 Spellforged Servitor     Conj/Summ      5%         N/A       100%        7


Dungeon Overview and Level Annotations

Branches:
Dungeon (5/15)
 Temple: D:4-7

Altars:
Ashenzari

Shops:
D:2 [

Annotations:
D:3 3 runed translucent doors, liarliar's ghost, amateur NaTm


Innate Abilities, Weirdness & Mutations

You are very nimble when in or above water. (Stealth+, EV+, Speed+++)
Your lower body shifts to a powerful aquatic tail in water.


Message History

The adder closely misses you.
The jackal stops to sniff the water.
The jackal bites you but does no damage.
The adder bites you.
* * * LOW HITPOINT WARNING * * *
You are poisoned.
The adder poisons you!
You barely miss the adder.
The adder is heavily wounded.
You feel very sick.
The jackal barks!
The adder closely misses you. The adder bites you.
* * * LOW HITPOINT WARNING * * *
The adder bites you.
* * * LOW HITPOINT WARNING * * *
The adder misses you. The jackal closely misses you.
You feel sick.
You feel sick.
You feel sick. The adder bites you.
* * * LOW HITPOINT WARNING * * *
You are lethally poisoned!
The adder poisons you!
A red film seems to cover your vision as you go berserk!
You feel yourself moving faster!
You feel mighty!
* * * LOW HITPOINT WARNING * * *
You feel sick. The adder barely misses you.
You slice the adder!!
You kill the adder!
* * * LOW HITPOINT WARNING * * *
You feel sick. The adder completely misses you.
You closely miss the adder.
* * * LOW HITPOINT WARNING * * *
You feel sick. The adder barely misses you.
The jackal bites the plant.
The plant begins to die.
The adder closely misses you.
You barely miss the adder.
* * * LOW HITPOINT WARNING * * *
You feel sick.
The jackal bites the plant.
The adder bites you but does no damage.
You barely miss the adder.
You die...

########.#.###.######...
#..............§.g../...
#P...~~~≈~≈gg≈§§§≈~~≈≈~~
#....~g≈≈≈≈≈§§§§§≈~≈≈≈≈≈
#....~≈#####§§g§§§≈~~~~~
#....h≈#...#.§§§§§....h.
#...P~≈#...#############
#....oS###'#
#....h†@.#..
#...)~~~.###. #....~≈~.#
# #.P..~~~.# #...†~~~.#
#....~≈~.# #
#....~≈≈.###.
#....≈≈~.#..
#....~≈###'#


You could see a gnoll, an adder, an orc and 2 jackals.

Vanquished Creatures
  3 howler monkeys
  2 jellies
  A hound (D:5)
  A sleepcap (D:4)
  An iguana (D:5)
  An orc wizard (D:3)
  4 gnolls
  5 adders
  A dart slug (D:1)
  5 orcs
  3 giant cockroaches (D:1)
  4 goblins
  2 hobgoblins
  9 jackals
  3 kobolds (D:4)
  2 quokkas
  6 ball pythons
  2 frilled lizards
  A rat (D:1)
56 creatures vanquished.

Vanquished Creatures (collateral kills)
  A scorpion (D:3)
  A worm (D:1)
  2 dart slugs
  3 ball pythons
  3 endoplasms
  4 goblins
  2 hobgoblins (D:1)
  2 jackals (D:1)
  2 kobolds (D:1)
  A quokka (D:1)
  A bat (D:1)
  4 frilled lizards
26 creatures vanquished.

Grand Total: 82 creatures vanquished

Notes
Turn   | Place    | Note
-------+----------+-------------------------------------------
     0 | D:1      | Moral the Merfolk Summoner began the quest for the Orb.
     0 | D:1      | Reached XP level 1. HP: 13/13 MP: 3/3
   209 | D:1      | Reached XP level 2. HP: 16/20 MP: 0/5
   469 | D:1      | Reached skill level 1 in Fighting
   571 | D:1      | Reached XP level 3. HP: 26/26 MP: 3/6
  1259 | D:2      | Found Teylown's Antique Armour Shop.
  1474 | D:2      | Reached XP level 4. HP: 32/32 MP: 5/7
  1789 | D:3      | Noticed a scorpion
  1846 | D:3      | Identified 3 scrolls of acquirement
  1846 | D:3      | Acquired the +0 eveningstar "Zakh" {venom, rF+ Dex+2
                  | Stlth+}
  1849 | D:3      | Killed a scorpion
  1850 | D:3      | Reached skill level 1 in Polearms
  1850 | D:3      | Reached XP level 5. HP: 14/38 MP: 3/9
  2163 | D:3      | Found a runed translucent gate.
  2163 | D:3      | Noticed a kobold brigand
  2164 | D:3      | Found a runed translucent gate.
  2165 | D:3      | Found a runed translucent gate.
  2178 | D:3      | Noticed liarliar's ghost (amateur NaTm)
  2292 | D:3      | Found a faded altar of an unknown god.
  2709 | D:4      | Acquired a +4 vampiric triple sword
  2716 | D:4      | Learned a level 2 spell: Call Imp
  2720 | D:4      | Acquired the amulet "Lacu" {RegenMP rN+ Will+}
  2944 | D:4      | Reached skill level 1 in Long Blades
  3163 | D:4      | Reached XP level 6. HP: 45/47 MP: 10/10
  3656 | D:4      | Found a broken altar of Ashenzari.
  3680 | D:5      | Entered Level 5 of the Dungeon
  4026 | D:5      | Reached XP level 7. HP: 55/55 MP: 11/11
  4297 | D:5      | HP: 3/82 [poisoned by an adder]
  4299 | D:5      | HP: 1/82 [poisoned by an adder]
  4301 | D:5      | Succumbed to an adder's poison

Illustrated notes

Levels and vault maps discovered:
D:1:      scummos_arrival_simple_fountains, layout_rooms, nicolae_wormholes
D:2:      layout_rooms, serial_shops, nicolae_shop_peninsula, nrook_mini_vaults,
          minmay_misc_feat_iff
D:3:      layout_loops_ring, serial_forest, infiniplex_forest_straight_2,
          infiniplex_forest_join, infiniplex_forest_clump_cross,
          infiniplex_forest_end_double, gammafunk_ghost_nasty_kobolds,
          shapermc_ecumenical_altar_mp_highgroup
D:4:      layout_loops_cross, kennysheep_little_box, serial_forest,
          infiniplex_forest_clump_small, infiniplex_forest_clump_double,
          infiniplex_forest_straight_2, infiniplex_forest_straight_5,
          infiniplex_forest_lined_2, serial_bayou_pond_c
D:5:      lemuel_castle_with_subvaults [lemuel_castle_interior_carwin_2],
          layout_loops_ring, fountainhead

Skill      XL: |  1  2  3  4  5  6  7 |
---------------+----------------------+-----
Dodging        | 3 4 |  4.2
Fighting       | 1 2 3 4 |  4.6
Polearms       | 1 |  1.3
Spellcasting   | 3 |  3.0
Long Blades    | 2 3 4 |  4.1
Stealth        | |  2.1
Summonings     | |  4.6

Action                     |  1- 3 |  4- 6 |  7- 9 || total
---------------------------+-------+-------+-------++-------
  Melee: Dagger            |   100 |       |       ||   100
         Spear             |     3 |     8 |       ||    11
         Punch             |     1 |       |       ||     1
         Triple sword      |       |    47 |    38 ||    85
         Eveningstar       |       |    19 |       ||    19
         Tailslap          |       |     2 |     2 ||     4
   Cast: Summon Small Mamm |    56 |    16 |     1 ||    73
         Call Imp          |       |     1 |       ||     1
    Use: Potion            |       |     2 |     1 ||     3
         Scroll            |       |     6 |     1 ||     7
   Stab: Sleeping          |     2 |     8 |       ||    10
         Distracted        |     1 |       |       ||     1
 Armour: Robe              |    16 |     6 |    18 ||    40
  Dodge: Dodged            |    75 |    62 |    88 ||   225

Table legend: (Time is in decaauts)
 A = Elapsed time spent in this place.
 B = Non-inter-level travel time spent in this place.
 C = Inter-level travel time spent in this place.
 D = Time resting spent in this place.
 E = Time spent auto-exploring this place.
 F = Levels seen in this place.
 G = Mean time per level.
                   A        B        C        D        E       F      G
               +--------+--------+--------+--------+--------+-----+--------+
         Total |   4324 |   4258 |     66 |    460 |   2778 |   5 |  864.8 |
       Dungeon |   4324 |   4258 |     66 |    460 |   2778 |   5 |  864.8 |
               +--------+--------+--------+--------+--------+-----+--------+

Top non-repeatable levels by time:
     D:4: 990 daAuts
     D:1: 985 daAuts
     D:3: 970 daAuts
     D:2: 758 daAuts
     D:5: 619 daAuts
